Map: Forêt cybernétique EC

Players

LadyAzylis

  • Race: Protoss Protoss
  • League: Diamond
  • Spawn Location: 5:00

Sorandom - Winner!

  • Race: Zerg Zerg
  • League: Diamond
  • Spawn Location: 11:00

VOD

Have the link to the VOD?

Description

Time

  • Played on: April 9, 2019, 5:52 p.m.
  • Length: 6:21
Show
View Real Time Build Order
Export as new Build Order

LadyAzylis Protoss 

Build Orders: 1 Gate Expand, Double Forge 

Get SALT Encoding   

  12  0:01  Probe  
  13  0:13  Probe  
  14  0:21  Pylon  
  14  0:25  Probe  
  15  0:37  Probe  
  15  0:41  Gateway  
  16  0:45  Probe  
  17  0:50  Assimilator  
  17  0:53  Probe  
  18  1:01  Probe  
  18  1:09  Probe  
  20  1:19  Probe  
  21  1:34  Cybernetics Core  
  21  1:40  Nexus  
  21  1:49  Pylon  
  21  1:50  Probe  
  22  1:58  Assimilator  
  22  2:02  Probe  
  23  2:13  Robotics Facility  
  23  2:17  Stalker  
  25  2:28  Probe  
  25  2:36  Probe  
  26  2:39  Warp Gate  
  26  2:43  Forge  
  27  2:45  Probe  
  28  2:54  Gateway  
  30  2:58  Sentry  
  30  3:13  Shield Battery  
  30  3:18  Probe x2  
  32  3:22  Pylon  
  32  3:28  Adept  
  29  3:46  Forge  
  29  3:47  Pylon  
  29  3:50  Gateway  
  29  3:57  Pylon  
  29  4:06  Immortal  
  35  4:12  Protoss Ground Weapons Level 1  
  35  4:15  Pylon  
  31  4:21  Shield Battery  
  31  4:28  Sentry x2  
  35  4:43  Gateway x2  
  35  4:47  Pylon  
  35  4:52  Zealot x2  
  31  5:13  Zealot x2  
  34  5:21  Immortal  
  34  5:27  Pylon  
  32  5:28  Pylon  
  32  5:32  Probe x2  
  31  5:46  Zealot x2  
  26  6:07  Zealot  
Show
View Real Time Build Order
Export as new Build Order

Sorandom Zerg - Winner!

Build Orders: Hatch First 

Get SALT Encoding   

  12  0:01  Drone  
  13  0:12  Overlord  
  13  0:25  Drone  
  14  0:30  Drone x2  
  16  0:36  Drone  
  17  0:47  Drone  
  18  1:00  Hatchery  
  17  1:11  Spawning Pool  
  16  1:17  Drone x2  
  18  1:21  Extractor  
  18  1:22  Drone  
  18  1:30  Drone  
  19  1:42  Drone  
  20  1:51  Overlord  
  20  1:57  Queen  
  22  2:04  Overlord  
  22  2:13  Zergling x4, Queen  
  26  2:25  Drone x2  
  28  2:34  Zergling x2  
  28  2:35  Zergling x2  
  30  2:48  Roach Warren  
  29  2:51  Drone  
  29  2:52  Drone  
  29  2:57  Drone  
  29  2:58  Drone  
  33  3:02  Metabolic Boost, Baneling Nest  
  32  3:15  Zergling x4  
  32  3:19  Zergling x6  
  36  3:26  Drone x2  
  37  3:32  Zergling x2  
  37  3:33  Zergling x2  
  37  3:34  Zergling x2  
  38  3:44  Zergling x6  
  38  3:48  Drone  
  42  3:53  Zergling x2  
  43  4:06  Zergling x2  
  43  4:09  Zergling x2  
  43  4:24  Hatchery  
  43  4:25  Baneling  
  43  4:26  Baneling  
  43  4:27  Baneling  
  43  4:28  Zergling x2  
  43  4:35  Zergling x2, Overlord x2  
  43  4:36  Overlord  
  43  4:44  Zergling x2  
  43  4:45  Zergling x2  
  43  4:50  Zergling x4  
  43  4:53  Zergling x2  
  43  4:57  Hatchery  
  43  4:58  Zergling x2  
  42  5:00  Zergling x2  
  42  5:01  Zergling x2  
  42  5:05  Zergling x2  
  44  5:09  Zergling x2  
  44  5:10  Zergling x2  
  43  5:23  Zergling x2  
  40  5:31  Zergling x6  
  41  5:41  Zergling x14  
  48  5:48  Zergling x2  
  49  5:56  Zergling x2  
  47  6:04  Zergling x2  
Tags
 
Add a new tag
Caveats
  • Supply blocks, unpowered buildings, or Contaminate may cause inaccurate times.
  • Supply counts are checked every 10 seconds.